[Event "Titled Tuesday Blitz June 21 Early 2022"]
[White "Yaksin, Oleg"]
[Black "Krallis, Christos"]
[WhiteFideId "24105880"]
[BlackFideId "4298896"]
[WhiteElo "2256"]
[BlackElo "2234"]
[Result "1-0"]
[Round "10"]
[TimeControl "180+1"]
[Date "2022.06.22"]
[WhiteClock "0:00:23"]
[BlackClock "0:00:04"]

1. d4 Nf6 2. c4 e6 3. g3 d5 4. Nf3 Bb4+ 5. Bd2 Be7 6. Bg2 O-O 7. Qc2 c6 8. O-O Nbd7 9. Bf4 b6 10. Rd1 Ba6 11. Ne5 Nxe5 12. dxe5 Nd7 13. cxd5 cxd5 14. e4 Rc8 15. Nc3 d4 16. Rxd4 Qc7 17. Rad1 Nb8 18. Qa4 Bc5 19. R4d2 Rfd8 20. h4 Rxd2 21. Rxd2 Rd8 22. Qd1 Rxd2 23. Qxd2 Nc6 24. a3 Bd4 25. Nd5 exd5 26. exd5 Bxe5 27. dxc6 Bxf4 28. gxf4 Kf8 29. Qd4 Bc8 30. b4 a6 31. a4 Ke7 32. b5 axb5 33. axb5 Be6 34. Bf3 g6 35. Kg2 h5 36. Kg3 Qd8 37. Qxd8+ Kxd8 38. Be2 Bd5 39. f5 gxf5 40. Kf4 Be4 41. Kg5 Ke7 42. Bc4 f6+ 43. Kxh5 Kd6 44. Kg6 Ke5 45. h5 f4+ 46. Kg7 Kd4 47. Bf1 Kc5 48. h6 1-0


[Site "https://www.chess.com"]

[Event "Titled Tuesday Blitz June 21 Early 2022"]
[White "Yang, Kaiqi"]
[Black "Stribuk, Artiom"]
[WhiteFideId "8604398"]
[BlackFideId "13515659"]
[WhiteElo "2373"]
[BlackElo "2259"]
[Result "1-0"]
[Round "10"]
[TimeControl "180+1"]
[Date "2022.06.21"]
[WhiteClock "0:00:09"]
[BlackClock "0:00:13"]

1. d4 Nf6 2. c4 g6 3. Nc3 d5 4. Nf3 Bg7 5. Bg5 Ne4 6. cxd5 Nxg5 7. Nxg5 O-O 8. Nf3 c6 9. e3 cxd5 10. Be2 Nc6 11. O-O e6 12. Rc1 Bd7 13. Na4 b6 14. Bb5 Rc8 15. Ba6 Rc7 16. a3 Nb8 17. Rxc7 Qxc7 18. Bd3 Rc8 19. Nc3 Bf8 20. Ne5 Be8 21. Qe2 Nd7 22. Nxd7 Bxd7 23. Rc1 Bd6 24. g3 Qb8 25. Ba6 Rc7 26. Bb5 Bc8 27. Ba6 Bd7 28. Rc2 b5 29. Nb1 Rc4 30. b3 Rxc2 31. Qxc2 Qb6 32. Bc8 Bc6 33. b4 Kf8 34. Nd2 Ke7 35. Nb3 Kd8 36. Na5 Ba8 37. h4 Qc7 38. Qxc7+ Kxc7 39. Ba6 Kb6 40. Bc8 Kc7 41. Ba6 Bc6 42. Nxc6 Kxc6 43. Kf1 h6 44. Ke2 g5 45. hxg5 hxg5 46. Kf3 Kb6 47. Bc8 a5 48. Bd7 Bxb4 49. axb4 a4 50. Be8 a3 51. Bxf7 a2 52. Bxe6 a1=N 53. Bxd5 Nc2 54. Be4 Nxb4 55. Kg4 Kc7 56. Kxg5 Na2 57. g4 Nc3 58. Bd3 b4 59. Kh6 Nd1 60. f4 Nxe3 61. g5 Nd5 62. g6 Nxf4 63. Be4 Ne6 64. g7 Nxg7 65. Kxg7 Kd6 66. Kf6 b3 67. Kf5 b2 68. Kf4 Ke6 69. Ke3 Kd6 70. Kd3 Ke6 71. Ke3 Kd6 72. Bb1 Kd5 73. Ba2+ Kd6 74. Kd3 Kc6 75. Kc2 b1=Q+ 76. Kxb1 Kb5 77. Kc2 1-0


[Site "https://www.chess.com"]

[Event "Titled Tuesday Blitz June 21 Early 2022"]
[White "Yen, William"]
[Black "Khabinets, Ivan"]
[WhiteFideId "30932025"]
[BlackFideId "14115980"]
[WhiteElo "1905"]
[BlackElo "2114"]
[Result "1-0"]
[Round "10"]
[TimeControl "180+1"]
[Date "2022.06.22"]
[WhiteClock "0:00:34"]
[BlackClock "0:00:03"]

1. e4 c5 2. Nf3 Nc6 3. c3 d5 4. exd5 Qxd5 5. Na3 Nf6 6. Bc4 Qd8 7. O-O Bf5 8. Qb3 e6 9. Qxb7 Rc8 10. Bb5 Qd7 11. Qa6 Bd6 12. Nc4 O-O 13. Nce5 Bxe5 14. Nxe5 Nxe5 15. Bxd7 Nexd7 16. Qxa7 Bd3 17. Re1 Rc6 18. b3 Rfc8 19. c4 Bf5 20. Qa3 e5 21. Bb2 Re6 22. Bc3 Ne4 23. Qb2 f6 24. a4 Rb8 25. a5 Ra6 26. d3 Nd6 27. Qd2 Kf7 28. b4 cxb4 29. Bxb4 Rb7 30. Bxd6 Rxd6 31. Reb1 Ra7 32. Ra3 Nc5 33. Qe3 Rc7 34. Rb6 Rdd7 35. a6 Bxd3 36. h4 Bxc4 37. a7 Bd5 38. a8=Q Bxa8 39. Rxa8 Ne6 40. Qb3 Re7 41. Raa6 Rc1+ 42. Kh2 e4 43. Rxe6 1-0


[Site "https://www.chess.com"]

[Event "Titled Tuesday Blitz June 21 Early 2022"]
[White "Yuan, Qingyu"]
[Black "Piesik, Piotr"]
[WhiteFideId "8609772"]
[BlackFideId "1136194"]
[WhiteElo "2359"]
[BlackElo "2247"]
[Result "1-0"]
[Round "10"]
[TimeControl "180+1"]
[Date "2022.06.21"]
[WhiteClock "0:00:31"]
[BlackClock "0:00:30"]

1. e4 g6 2. d4 Bg7 3. Nf3 c6 4. h3 d6 5. c4 Nf6 6. Nc3 O-O 7. Bd3 Nbd7 8. O-O e5 9. d5 cxd5 10. cxd5 Nc5 11. Be3 Nxd3 12. Qxd3 Nh5 13. Rac1 f5 14. Bg5 Bf6 15. Bh6 Rf7 16. Rc2 f4 17. Rfc1 a6 18. Na4 Bd7 19. Qa3 b5 20. Nc3 Be7 21. Nb1 Ra7 22. Nbd2 a5 23. b4 a4 24. Qd3 g5 25. Qe2 g4 26. hxg4 Bxg4 27. Qxb5 Rf6 28. Bg5 Rg6 29. Bxe7 Qxe7 30. Qb8+ Kf7 31. Rc7 Rxc7 32. Rxc7 Bd7 33. Qa7 Nf6 34. b5 1-0


[Site "https://www.chess.com"]

[Event "Titled Tuesday Blitz June 21 Early 2022"]
[White "Yurovskykh, Oleksandr"]
[Black "Melikhov, Evgeny V."]
[WhiteFideId "14134020"]
[BlackFideId "4122046"]
[WhiteElo "2292"]
[BlackElo "1904"]
[Result "1-0"]
[Round "10"]
[TimeControl "180+1"]
[Date "2022.06.22"]
[WhiteClock "0:00:10"]
[BlackClock "0:00:10"]

1. d4 Nf6 2. c4 e6 3. Nc3 Bb4 4. e3 b6 5. Ne2 Ba6 6. a3 Bxc3+ 7. Nxc3 O-O 8. b4 c5 9. Be2 d5 10. dxc5 Bxc4 11. cxb6 axb6 12. O-O b5 13. Nxb5 Bxe2 14. Qxe2 Qb6 15. Bb2 Ne4 16. Qg4 f6 17. Nd4 e5 18. Qe6+ Qxe6 19. Nxe6 Rc8 20. Rfc1 Nc6 21. Nc5 Nd2 22. f3 Nc4 23. Rxc4 dxc4 24. Rc1 Na5 25. Kf2 Nb3 26. Rxc4 Nxc5 27. bxc5 Ra5 28. Ke2 Raxc5 29. Rxc5 Rxc5 30. Kd3 Kf7 31. Bc3 Ke6 32. g4 g5 33. a4 Rc8 34. a5 Kd5 35. Bb4 h5 36. h3 h4 37. e4+ Ke6 38. Bd2 Rb8 39. Be3 Rb3+ 40. Ke2 Ra3 41. Bb6 Kd7 42. Kf2 Kc6 43. Bd8 Ra2+ 44. Kg1 Ra3 45. Kg2 Ra2+ 46. Kg1 Kd7 47. Bxf6 Rxa5 48. Bxg5 Ke6 49. Bxh4 Ra2 50. Bf2 Rb2 51. h4 Rc2 52. Kg2 Kf6 53. Kg3 Ra2 54. h5 Ra3 55. Bb6 Rb3 56. Bd8+ Kf7 57. g5 Rb8 58. Bf6 Rb3 59. Bxe5 Ke6 60. Bf6 Rb1 61. h6 Rh1 62. e5 Kf5 63. Kg2 Rh4 64. Kg3 Rh1 65. Kf2 Ra1 66. Ke3 Ra4 67. h7 Ra3+ 68. Kf2 Kf4 69. h8=Q Ra2+ 70. Ke1 Ke3 71. Kd1 Ra1+ 72. Kc2 Ra2+ 73. Kb3 Rf2 74. Qh6 1-0


[Site "https://www.chess.com"]

[Event "Titled Tuesday Blitz June 21 Early 2022"]
[White "Zhigalko, Sergei"]
[Black "Samunenkov, Ihor"]
[WhiteFideId "13502956"]
[BlackFideId "14187086"]
[WhiteElo "2662"]
[BlackElo "2409"]
[Result "1-0"]
[Round "10"]
[TimeControl "180+1"]
[Date "2022.06.21"]
[WhiteClock "0:01:53"]
[BlackClock "0:00:34"]

1. e4 c6 2. d4 d5 3. e5 Bf5 4. Nf3 e6 5. Be2 c5 6. Be3 Qb6 7. Nc3 Nc6 8. dxc5 Bxc5 9. Bxc5 Qxc5 10. Nb5 Rd8 11. c3 Kf8 12. Nbd4 Nge7 13. O-O Be4 14. Re1 Bxf3 15. Nxf3 g6 16. Qd2 h6 17. Qf4 Nf5 18. h4 h5 19. Bd3 Nh6 20. Bxg6 Ne7 21. Bxf7 Nef5 22. Bxe6 1-0


[Site "https://www.chess.com"]

[Event "Titled Tuesday Blitz June 21 Early 2022"]
[White "Ziatdinov, Raset"]
[Black "Petrovic, Aleksa"]
[WhiteFideId "2015323"]
[BlackFideId "967629"]
[WhiteElo "2220"]
[BlackElo "2117"]
[Result "1/2-1/2"]
[Round "10"]
[TimeControl "180+1"]
[Date "2022.06.22"]
[WhiteClock "0:01:24"]
[BlackClock "0:00:09"]

1. e4 c6 2. d4 d5 3. exd5 cxd5 4. Bd3 Nc6 5. c3 Qc7 6. Nf3 g6 7. Bg5 Bf5 8. O-O Bg7 9. h3 Nf6 10. Bxf5 gxf5 11. Nbd2 Ne4 12. Re1 e6 13. Nf1 h6 14. Bh4 Ne7 15. Ne5 Bxe5 16. dxe5 Ng6 17. Bg3 Nxg3 18. Nxg3 O-O-O 19. Qd4 Qb6 20. Qxb6 axb6 21. Rad1 Kc7 22. Nh5 Ra8 23. a3 Ra4 24. Rd4 Rha8 25. Nf6 Ne7 26. Ne8+ Kd7 27. Nd6 Rxd4 28. cxd4 Ra4 29. Rd1 Nc6 30. Nxf7 h5 31. Nd6 Nxd4 32. Nxb7 Nc6 33. Nd6 Nxe5 34. Nb5 Re4 35. Nc3 Rc4 36. f3 d4 37. Rd2 Kc6 38. Ne2 Kc5 39. Kf2 d3 40. Nf4 Rc2 41. Ke1 Rxd2 42. Kxd2 Nc4+ 43. Kxd3 Nxb2+ 44. Kc2 Nc4 45. Nxe6+ Kd6 46. Ng7 Ne3+ 47. Kd3 Nxg2 48. Nxf5+ Ke5 49. Ng7 Nf4+ 50. Kc4 Kf6 51. Ne8+ Ke7 52. Ng7 Kf7 53. Nf5 Nxh3 54. Kb5 Kf6 55. Ng3 h4 56. Ne4+ Kf5 57. Kxb6 Ng1 58. Nf2 Kf4 59. a4 Nxf3 60. a5 Kg3 61. Nh1+ Kg2 62. a6 Kxh1 63. a7 h3 64. a8=Q Kg2 65. Qa2+ Kg1 66. Qb1+ Kg2 67. Qc2+ Kg1 68. Qd1+ Kg2 69. Qe2+ Kg1 70. Qxf3 h2 71. Qd1+ Kg2 72. Qe2+ Kg1 73. Qg4+ Kh1 74. Qf3+ Kg1 75. Qe3+ Kg2 76. Qe2+ Kg1 77. Qe1+ Kg2 78. Qd2+ Kg1 79. Qc1+ Kg2 80. Qb2+ Kg1 81. Qa1+ Kg2 82. Qa2+ Kg1 83. Qg8+ Kh1 84. Qa8+ Kg1 85. Qg8+ Kh1 86. Qd5+ Kg1 87. Kc5 h1=Q 88. Qd4+ Kg2 89. Qe4+ Kh2 90. Qh4+ Kg1 91. Qe1+ Kh2 92. Qf2+ Qg2 93. Qh4+ Qh3 94. Qf2+ Qg2 95. Qh4+ Qh3 96. Qf4+ Qg3 97. Qd2+ Qg2 98. Qh6+ Qh3 99. Qd2+ Qg2 100. Qd6+ Qg3 101. Qxg3+ Kxg3 1/2-1/2


[Site "https://www.chess.com"]

[Event "Titled Tuesday Blitz June 21 Early 2022"]
[White "parintele_chess"]
[Black "Piliczewski, Bogusz"]
[BlackFideId "1104144"]
[WhiteElo "2237"]
[BlackElo "1896"]
[Result "1-0"]
[Round "10"]
[TimeControl "180+1"]
[Date "2022.06.22"]
[WhiteClock "0:00:23"]
[BlackClock "0:00:01"]

1. d4 d5 2. c4 c6 3. Nc3 Nf6 4. e3 Bf5 5. Qb3 Qb6 6. c5 Qc7 7. Nf3 Nbd7 8. Nh4 Bg4 9. h3 Bh5 10. g4 Bg6 11. Nxg6 hxg6 12. Bg2 b6 13. e4 dxe4 14. Nxe4 Nxe4 15. Bxe4 bxc5 16. Qf3 Rc8 17. Bf4 Qa5+ 18. Bd2 Qb6 19. O-O cxd4 20. b4 e6 21. Bf4 Be7 22. Qb3 O-O 23. Bxg6 e5 24. Bd2 c5 25. Bf5 Rc7 26. bxc5 Qxb3 27. axb3 Nxc5 28. Rab1 g6 29. b4 gxf5 30. bxc5 Bxc5 31. gxf5 f6 32. Kg2 Kf7 33. Kf3 Rh8 34. Ba5 Rd7 35. Rfc1 1-0


[Site "https://www.chess.com"]

[Event "Titled Tuesday Blitz June 21 Early 2022"]
[White "Adewumi, Tanitoluwa"]
[Black "Taichman, Ori"]
[WhiteFideId "30966396"]
[BlackFideId "2804069"]
[WhiteElo "2543"]
[BlackElo "2227"]
[Result "0-1"]
[Round "11"]
[TimeControl "180+1"]
[Date "2022.06.22"]
[WhiteClock "0:00:02"]
[BlackClock "0:00:37"]

1. e4 c5 2. Nf3 Nc6 3. Bb5 d6 4. O-O Bd7 5. Re1 Nf6 6. c3 a6 7. Bf1 Bg4 8. h3 Bxf3 9. Qxf3 g6 10. d3 Bg7 11. Be3 Nd7 12. Nd2 b5 13. g3 b4 14. Rac1 bxc3 15. bxc3 Rb8 16. Bg2 O-O 17. Nc4 Nde5 18. Nxe5 Bxe5 19. Qe2 Qa5 20. Qd2 Qa3 21. d4 Rb2 22. Qd1 Bg7 23. e5 cxd4 24. cxd4 Nb4 25. exd6 exd6 26. Bf4 Nxa2 27. Ra1 Qb4 28. Bd5 Bxd4 29. Rxa2 Bxf2+ 30. Kf1 Bxe1 31. Rxb2 Qxb2 32. Qxe1 Qd4 33. Bf3 Rb8 0-1


[Site "https://www.chess.com"]

[Event "Titled Tuesday Blitz June 21 Early 2022"]
[White "Agasarov, Benik"]
[Black "Tasev, Dejan"]
[WhiteFideId "13314823"]
[BlackFideId "936618"]
[WhiteElo "2649"]
[BlackElo "2253"]
[Result "1-0"]
[Round "11"]
[TimeControl "180+1"]
[Date "2022.06.21"]
[WhiteClock "0:01:07"]
[BlackClock "0:00:19"]

1. e4 e5 2. Nf3 Nc6 3. c3 g6 4. d4 exd4 5. cxd4 d6 6. Nc3 Bg7 7. Bg5 Nce7 8. Bc4 h6 9. Bh4 g5 10. Bg3 Ng6 11. Qb3 Qd7 12. O-O-O a6 13. e5 b5 14. Bd5 c6 15. e6 fxe6 16. Bxe6 Qxe6 17. Rhe1 Ne5 18. dxe5 Qxb3 19. axb3 d5 20. Nd4 Ne7 21. b4 O-O 22. f3 a5 23. bxa5 Rxa5 24. b4 Ra7 25. Kb2 Bd7 26. e6 Be8 27. Bd6 Rf6 28. Bc5 Ra8 29. Bxe7 Rf4 30. Bc5 g4 31. Nce2 Rf6 32. f4 Rxe6 33. Ng3 Rxe1 34. Rxe1 Bf7 35. Nf5 Bh8 36. Nxh6+ Kg7 37. Nxg4 Bg6 38. f5 Bh5 39. Ne5 Kg8 40. g4 Bxe5 41. Rxe5 Bxg4 42. Nxc6 Bf3 43. Ne7+ Kf7 44. Nxd5 Rg8 45. Re7+ 1-0


[Site "https://www.chess.com"]

[Event "Titled Tuesday Blitz June 21 Early 2022"]
[White "Alexiadis, Hristos"]
[Black "Sarana, Alexey"]
[WhiteFideId "4249623"]
[BlackFideId "24133795"]
[WhiteElo "2416"]
[BlackElo "2666"]
[Result "0-1"]
[Round "11"]
[TimeControl "180+1"]
[Date "2022.06.21"]
[WhiteClock "0:00:11"]
[BlackClock "0:00:45"]

1. d4 Nf6 2. c4 e6 3. g3 d5 4. Nf3 dxc4 5. Bg2 a6 6. O-O Nc6 7. e3 Bd7 8. Qe2 b5 9. b3 cxb3 10. axb3 Be7 11. Bd2 O-O 12. Rc1 Nb4 13. Ne5 Nbd5 14. Nd3 Re8 15. Nc5 Bc8 16. Nc3 Nxc3 17. Bxc3 Nd5 18. Ba5 Ra7 19. Rc2 Bd6 20. Rac1 Qg5 21. Ne4 Qe7 22. h4 Ba3 23. Ra1 Bb4 24. Nc5 Bxa5 25. Rxa5 Rd8 26. Bxd5 exd5 27. Rc1 c6 28. Nd3 Rd6 29. Ne5 Qe8 30. Ra2 f6 31. Nd3 Bf5 32. Nc5 a5 33. Rca1 Qd8 34. Qe1 b4 35. Ra4 Qb6 36. Qd1 Rd8 37. Kh2 Re8 38. R1a2 Qb5 39. Kg1 Bc8 40. Qe1 Ree7 41. Qa1 Bh3 42. Rxa5 Rxa5 43. Rxa5 Qe2 44. Kh2 Qxf2+ 45. Kxh3 Rxe3 46. Ra8+ Kf7 47. Ra7+ Kg6 48. Qb1+ Kh6 49. Rxg7 Kxg7 0-1


[Site "https://www.chess.com"]

[Event "Titled Tuesday Blitz June 21 Early 2022"]
[White "Andreikin, Dmitry"]
[Black "Svane, Frederik"]
[WhiteFideId "4158814"]
[BlackFideId "12923044"]
[WhiteElo "2736"]
[BlackElo "2459"]
[Result "0-1"]
[Round "11"]
[TimeControl "180+1"]
[Date "2022.06.21"]
[WhiteClock "0:00:02"]
[BlackClock "0:00:20"]

1. Nf3 c5 2. g3 Nc6 3. Bg2 g6 4. c4 Bg7 5. Nc3 d6 6. O-O Bf5 7. d3 Qd7 8. Re1 Bh3 9. Bh1 h5 10. Bg5 h4 11. Nxh4 Rh5 12. Nf3 Nf6 13. Rb1 O-O-O 14. Bxf6 Bxf6 15. Nd5 Rdh8 16. b4 Bg4 17. h4 g5 18. bxc5 gxh4 19. Nxf6 exf6 20. Nxh4 Rxh4 21. gxh4 Rg8 22. Qd2 Bf3+ 23. Kh2 Qg4 24. Qh6 Bg2 25. f3 Qg3+ 26. Kg1 Bh3+ 0-1


[Site "https://www.chess.com"]

[Event "Titled Tuesday Blitz June 21 Early 2022"]
[White "Aradhya, Garg"]
[Black "Leve, Nitai"]
[WhiteFideId "25006746"]
[BlackFideId "2006898"]
[WhiteElo "2203"]
[BlackElo "2144"]
[Result "1-0"]
[Round "11"]
[TimeControl "180+1"]
[Date "2022.06.22"]
[WhiteClock "0:01:32"]
[BlackClock "0:00:04"]

1. d4 d5 2. c4 c6 3. Nc3 Nf6 4. cxd5 cxd5 5. Bf4 a6 6. e3 Nc6 7. Bd3 Bg4 8. Nge2 e6 9. O-O Bd6 10. f3 Bh5 11. Bxd6 Qxd6 12. Nf4 Bg6 13. Be2 O-O 14. Rc1 Rac8 15. Qd2 Rfe8 16. g4 e5 17. dxe5 Qxe5 18. Ncxd5 Nxd5 19. Nxd5 Rcd8 20. Rfd1 Rxd5 21. Qxd5 Qxe3+ 22. Kh1 Qxe2 23. Rf1 Bd3 24. Rfe1 Qxe1+ 25. Rxe1 Rxe1+ 26. Kg2 Bg6 27. Qd7 h5 28. Qxb7 Ne5 29. g5 Nxf3 30. Qc8+ Kh7 31. Kxf3 Rb1 32. Qc3 Rh1 33. Kg3 h4+ 34. Kxh4 Rxh2+ 35. Kg3 Re2 36. a4 Re4 37. b4 Bf5 38. b5 Rxa4 39. b6 Be4 40. Qb3 Ra5 41. Qxf7 Bc6 42. Qf4 Rb5 43. g6+ 1-0


[Site "https://www.chess.com"]

[Event "Titled Tuesday Blitz June 21 Early 2022"]
[White "Avazkhonov, Alikhon"]
[Black "Harsh Suresh"]
[WhiteFideId "14208504"]
[BlackFideId "45018464"]
[WhiteElo "1739"]
[BlackElo "2059"]
[Result "1-0"]
[Round "11"]
[TimeControl "180+1"]
[Date "2022.06.22"]
[WhiteClock "0:00:55"]
[BlackClock "0:00:19"]

1. d4 g6 2. c4 Bg7 3. Nc3 c5 4. d5 Bxc3+ 5. bxc3 f5 6. Qc2 d6 7. h4 Nf6 8. Bg5 Nbd7 9. e3 Ne4 10. Nf3 Qa5 11. Bd3 Qxc3+ 12. Qxc3 Nxc3 13. h5 O-O 14. hxg6 hxg6 15. Bxe7 Rf6 16. Kd2 Na4 17. Ng5 Rf8 18. Bxd6 Re8 19. Ne6 Nf6 20. Nc7 Bd7 21. Nxa8 Rxa8 22. Be5 Nh5 23. g4 fxg4 24. Bxg6 Ng7 25. Rh7 Re8 26. Rxg7+ Kf8 27. Bxe8 Bxe8 28. Rh1 Nb6 29. Rh8# 1-0


[Site "https://www.chess.com"]

[Event "Titled Tuesday Blitz June 21 Early 2022"]
[White "Barbashin, Igor"]
[Black "Rosenberg, Evan S"]
[WhiteFideId "4155718"]
[BlackFideId "2019299"]
[WhiteElo "2138"]
[BlackElo "2360"]
[Result "1-0"]
[Round "11"]
[TimeControl "180+1"]
[Date "2022.06.22"]
[WhiteClock "0:01:33"]
[BlackClock "0:00:02"]

1. d4 Nf6 2. c4 e6 3. Nc3 Bb4 4. Nf3 b6 5. g3 Bb7 6. Bg2 O-O 7. O-O Bxc3 8. bxc3 Qc8 9. Bg5 Ne4 10. Qc2 Nxg5 11. Nxg5 f5 12. e4 h6 13. Nh3 fxe4 14. Bxe4 Bxe4 15. Qxe4 Nc6 16. Nf4 Ne7 17. d5 Qb7 18. Rfe1 Rxf4 19. Qxf4 Rf8 20. Qe4 Nf5 21. dxe6 Qxe4 22. Rxe4 dxe6 23. Rxe6 Nd6 24. Re7 c5 25. Rxa7 Nxc4 26. Re1 Nd2 27. Ree7 Nf3+ 28. Kg2 Ng5 29. Rxg7+ Kh8 30. f4 Ne6 31. Rg6 Re8 32. Rxh6+ Kg8 33. f5 1-0


[Site "https://www.chess.com"]

[Event "Titled Tuesday Blitz June 21 Early 2022"]
[White "Barria Zuniga, Daniel"]
[Black "Rios Escobar, Adan"]
[WhiteFideId "3400816"]
[BlackFideId "3403645"]
[WhiteElo "2414"]
[BlackElo "2435"]
[Result "1-0"]
[Round "11"]
[TimeControl "180+1"]
[Date "2022.06.22"]
[WhiteClock "0:00:39"]
[BlackClock "0:00:01"]

1. d4 Nf6 2. c4 g6 3. Nc3 Bg7 4. e4 d6 5. Be2 O-O 6. Nf3 e5 7. d5 Na6 8. Be3 Nc5 9. Nd2 a5 10. O-O h5 11. h3 b6 12. b3 Ne8 13. a3 f5 14. f3 f4 15. Bf2 Bd7 16. b4 Nb7 17. c5 bxc5 18. bxc5 Nxc5 19. Bxc5 dxc5 20. Rb1 Nd6 21. Na4 g5 22. Nxc5 g4 23. fxg4 hxg4 24. Bxg4 Bxg4 25. Qxg4 Rf7 26. Ne6 Qf6 27. Rfc1 Kh7 28. Nxc7 Rg8 29. Ne6 f3 30. Ng5+ Qxg5 31. Qxg5 Bh6 32. Qh5 Rxg2+ 33. Kh1 Rxd2 34. Rg1 Rf6 35. Qg4 Rh2+ 36. Kxh2 Bf4+ 37. Kh1 Rh6 38. Qg7# 1-0


[Site "https://www.chess.com"]

[Event "Titled Tuesday Blitz June 21 Early 2022"]
[White "Bethke, Richard"]
[Black "Begunov, Konstantin"]
[WhiteFideId "12959243"]
[BlackFideId "4118510"]
[WhiteElo "2500"]
[BlackElo "2262"]
[Result "1-0"]
[Round "11"]
[TimeControl "180+1"]
[Date "2022.06.22"]
[WhiteClock "0:00:06"]
[BlackClock "0:00:04"]

1. e4 c5 2. Nf3 d6 3. d4 cxd4 4. Nxd4 Nf6 5. Nc3 a6 6. Be3 Ng4 7. Bg5 Nc6 8. Nxc6 bxc6 9. h3 Nf6 10. Qd2 e5 11. Bc4 Be6 12. Bxe6 fxe6 13. O-O Be7 14. Rad1 O-O 15. Rfe1 Rb8 16. b3 a5 17. Qe3 Rb4 18. a3 Rb7 19. f4 exf4 20. Bxf4 Rd7 21. e5 dxe5 22. Qxe5 Kh8 23. Qxe6 Bxa3 24. Qxc6 Bb4 25. Rxd7 Nxd7 26. Rd1 Qb6+ 27. Qxb6 Nxb6 28. Ne4 h6 29. Be3 Re8 30. Bxb6 Rxe4 31. Rd8+ Kh7 32. Rd7 Kg6 33. Bd4 Bf8 34. Kf2 Kf5 35. Kf3 Re6 36. Rf7+ Kg6 37. Rxf8 Re1 38. Rf4 Rc1 39. Kg4 Rxc2 40. Rf2 Rc1 41. Kg3 Kg5 42. Be3+ Kg6 43. Bxc1 Kh5 44. Ra2 g5 45. Rxa5 Kg6 46. Ra6+ Kh5 47. Kf3 Kh4 48. Rxh6# 1-0


[Site "https://www.chess.com"]

[Event "Titled Tuesday Blitz June 21 Early 2022"]
[White "Bharath Subramaniyam H"]
[Black "Kamsky, Gata"]
[WhiteFideId "46634827"]
[BlackFideId "2000024"]
[WhiteElo "2242"]
[BlackElo "2645"]
[Result "1-0"]
[Round "11"]
[TimeControl "180+1"]
[Date "2022.06.21"]
[WhiteClock "0:00:33"]
[BlackClock "0:00:02"]

1. c4 e5 2. Nf3 Nc6 3. d4 exd4 4. Nxd4 Nf6 5. Nxc6 bxc6 6. g3 Bb4+ 7. Bd2 Qe7 8. Bg2 Ne4 9. O-O Nxd2 10. Nxd2 O-O 11. a3 Bd6 12. b4 a5 13. c5 Be5 14. Rb1 axb4 15. axb4 Ba6 16. Qb3 Bb5 17. Ne4 Qe6 18. Qxe6 fxe6 19. Rfd1 Rfd8 20. f4 Bf6 21. e3 Ra3 22. Kf2 Ra2+ 23. Kg1 Kf7 24. Bf1 Bxf1 25. Kxf1 Ke7 26. g4 Rxh2 27. g5 Bb2 28. Nf2 Bc3 29. Rd3 Ra8 30. Kg1 Rxf2 31. Kxf2 Ra2+ 32. Kf3 Ba1 33. Rh1 h6 34. gxh6 gxh6 35. Rxh6 d5 36. cxd6+ cxd6 37. Rh7+ Kf6 38. Rxd6 1-0


[Site "https://www.chess.com"]

[Event "Titled Tuesday Blitz June 21 Early 2022"]
[White "Bilych, Olexiy"]
[Black "Sadykov, Ramil"]
[WhiteFideId "14156504"]
[BlackFideId "24113590"]
[WhiteElo "2189"]
[BlackElo "2226"]
[Result "1-0"]
[Round "11"]
[TimeControl "180+1"]
[Date "2022.06.21"]
[WhiteClock "0:00:36"]
[BlackClock "0:00:04"]

1. e4 c5 2. Nf3 Nc6 3. d4 cxd4 4. Nxd4 Nf6 5. Nc3 d6 6. Bg5 Bd7 7. Qd2 h6 8. Bxf6 gxf6 9. Nf5 Qa5 10. O-O-O O-O-O 11. Bc4 Ne5 12. Bb3 Qc5 13. Kb1 Kb8 14. f4 Nc4 15. Bxc4 Qxc4 16. Rhe1 Rc8 17. Nd5 e6 18. Nxf6 Ba4 19. b3 Qb5 20. Nxd6 Bxd6 21. Qxd6+ Ka8 22. Qd4 1-0


[Site "https://www.chess.com"]

[Event "Titled Tuesday Blitz June 21 Early 2022"]
[White "Bongo Akanga Ndjila, Barthelemy"]
[Black "Roman, Rodrigo"]
[WhiteFideId "10609431"]
[BlackFideId "3701220"]
[WhiteElo "1768"]
[BlackElo "2001"]
[Result "0-1"]
[Round "11"]
[TimeControl "180+1"]
[Date "2022.06.22"]
[WhiteClock "0:01:15"]
[BlackClock "0:01:22"]

1. d4 d5 2. c4 c6 3. Nc3 Nf6 4. Nf3 Bf5 5. e3 e6 6. Qb3 Qb6 7. Bd2 Nbd7 8. c5 Qxb3 9. axb3 a6 10. b4 Rd8 11. Na4 h6 12. Nh4 Bh7 13. Be2 e5 14. g4 g5 15. Nf5 Bxf5 16. gxf5 exd4 17. exd4 Bg7 18. f3 Nh5 19. Bc3 Nf4 20. h4 gxh4 21. Kf2 Bf6 22. Rag1 Bg5 23. Rg4 Nxe2 24. Kxe2 Nf6 25. Rg2 Nh5 26. Rg4 Ng3+ 27. Rxg3 hxg3 28. Nb6 h5 29. Bd2 Bxd2 30. Kxd2 Ke7 31. Ke3 Kf6 32. Kf4 h4 33. Na4 Rdg8 34. Nc3 Rh5 35. Ne2 Rxf5+ 36. Ke3 Re8+ 37. Kd2 Rxf3 38. Rxh4 Rf2 39. Kd3 Rexe2 0-1


[Site "https://www.chess.com"]

[Event "Titled Tuesday Blitz June 21 Early 2022"]
[White "Borisova, Ekaterina"]
[Black "Alinasab, Mobina"]
[WhiteFideId "34124184"]
[BlackFideId "12528897"]
[WhiteElo "2039"]
[BlackElo "2031"]
[Result "1-0"]
[Round "11"]
[TimeControl "180+1"]
[Date "2022.06.22"]
[WhiteClock "0:01:38"]
[BlackClock "0:01:29"]

1. d4 Nf6 2. c4 e6 3. g3 d5 4. Nf3 dxc4 5. Bg2 c6 6. O-O b5 7. a4 Bb7 8. Ne5 a6 9. b3 cxb3 10. Qxb3 Qxd4 11. Bb2 Qb4 12. Qc2 Qc5 13. Qd3 Qb6 14. Nd2 Be7 15. Ne4 O-O 16. Ng5 h6 17. Ngxf7 Rxf7 18. Qg6 Rf8 19. Ng4 Kh8 20. Be4 Nbd7 21. Nxf6 Nxf6 22. Bxf6 1-0


[Site "https://www.chess.com"]

[Event "Titled Tuesday Blitz June 21 Early 2022"]
[White "Bortnyk, Olexandr"]
[Black "Xu, Yi"]
[WhiteFideId "14120828"]
[BlackFideId "8605564"]
[WhiteElo "2723"]
[BlackElo "2471"]
[Result "1-0"]
[Round "11"]
[TimeControl "180+1"]
[Date "2022.06.21"]
[WhiteClock "0:01:36"]
[BlackClock "0:00:41"]

1. d4 Nf6 2. Nc3 d5 3. Bf4 a6 4. e3 e6 5. Nf3 c5 6. a3 Nc6 7. h3 Be7 8. dxc5 Bxc5 9. Bd3 Bd6 10. Bxd6 Qxd6 11. O-O O-O 12. e4 d4 13. Ne2 e5 14. Ng3 Be6 15. Qd2 h6 16. Nh4 Qd7 17. f4 exf4 18. Rxf4 Nh7 19. Nhf5 Ne5 20. Raf1 Bxf5 21. Nxf5 Rae8 22. Qf2 Rd8 23. Qg3 Ng6 24. e5 Kh8 25. h4 Rg8 26. Rxd4 Qe6 27. Rxd8 Rxd8 28. h5 Ng5 29. hxg6 fxg6 30. Nh4 Qb6+ 31. Kh1 Qxb2 32. Nxg6+ Kg8 33. e6 Nxe6 34. Bc4 Qb6 35. Nf4 Re8 36. Bxe6+ Rxe6 37. Nxe6 Qxe6 38. Qb3 1-0


[Site "https://www.chess.com"]

[Event "Titled Tuesday Blitz June 21 Early 2022"]
[White "Buscar, Michael"]
[Black "Gracia Alvarez, Gerardo Antonio"]
[WhiteFideId "2603616"]
[BlackFideId "5109124"]
[WhiteElo "2010"]
[BlackElo "2139"]
[Result "0-1"]
[Round "11"]
[TimeControl "180+1"]
[Date "2022.06.22"]
[WhiteClock "0:00:36"]
[BlackClock "0:01:01"]

1. d4 Nf6 2. c4 c5 3. e3 g6 4. Nf3 Bg7 5. Nc3 O-O 6. Be2 cxd4 7. exd4 d5 8. O-O Nc6 9. c5 Ne4 10. Be3 e5 11. dxe5 Nxc3 12. bxc3 Nxe5 13. Bd4 Nc6 14. Bxg7 Kxg7 15. Nd4 Re8 16. Bf3 Ne5 17. Nb5 Nxf3+ 18. Qxf3 Be6 19. Qf4 Re7 20. Rad1 Qa5 21. a4 a6 22. Qd4+ Kg8 23. Nd6 Rc7 24. Rd3 Qxc5 25. Qxc5 Rxc5 26. Nxb7 Rc4 27. Re1 Rb8 28. Na5 Rc5 0-1


[Site "https://www.chess.com"]